 Dungeon Crawl Stone Soup version 0.30-a0-339-g89bb51ec76 (webtiles) character file.

Game seed: 15840125099237954507

50 Muataran the Trooper (level 3, -3/61 HPs)
             Began as an Ogre Berserker on Oct 31, 2022.
             Was a Believer of Trog.
             Slain by an ogre
             ... wielding a +0 giant spiked club
              (32 damage)
             ... on level 4 of the Dungeon.
             The game lasted 00:01:58 (1286 turns).

Muataran the Trooper (Ogre Berserker)               Turns: 1286, Time: 00:01:59

Health: -3/61      AC:  3    Str: 23    XL:     3   Next: 79%
Magic:  3/3        EV: 10    Int:  8    God:    Trog [**....]
Gold:   36         SH:  0    Dex:  8    Spells: 2/2 levels left

rFire   . . .      SeeInvis .    a - +0 mace
rCold   . . .      Faith    .    (no shield)
rNeg    . . .      Spirit   .    b - +0 animal skin
rPois   .          Reflect  .    (helmet restricted)
rElec   .          Harm     .    (no cloak)
rCorr   .          Rampage  .    (gloves unavailable)
Will    .....                    (boots unavailable)
Stlth   ..........               (no amulet)
HPRegen 0.30/turn                (no ring)
MPRegen 0.08/turn                (no ring)

@: berserking, very quick
A: large, unfitting armour, tough skin 1
a: Renounce Religion, Berserk, Trog's Hand


You were on level 4 of the Dungeon.
You worshipped Trog.
Trog was pleased with you.
You visited 1 branch of the dungeon, and saw 3 of its levels.

You collected 36 gold pieces.

Inventory:

Hand Weapons
 a - a +0 mace (weapon)
Armour
 b - a +0 animal skin (worn)
Scrolls
 c - 3 scrolls of magic mapping {unknown}
 e - a scroll of noise {unknown}
Potions
 d - a potion of heal wounds {unknown}


   Skills:
 + Level 4.8 Fighting
 * Level 3.7 Maces & Flails
 - Level 2.6 Dodging


You had 2 spell levels left.
You didn't know any spells.
Your spell library was empty.

Dungeon Overview and Level Annotations

Branches:
Dungeon (2/15)

Altars:

Shops:
D:2 =


Innate Abilities, Weirdness & Mutations

You are too large for most types of armour.
You have tough skin. (AC +1)


Message History

You open the door.
A giant cockroach comes into view.
A hobgoblin comes into view.
The giant cockroach barely misses you.
There is an open door here.
You sock the giant cockroach!
You kill the giant cockroach!
Trog accepts your kill.
You barely miss the hobgoblin. The hobgoblin hits you.
You closely miss the hobgoblin. The hobgoblin closely misses you.
The hobgoblin hits you but does no damage.
You closely miss the hobgoblin. The hobgoblin hits you.
You closely miss the hobgoblin. The hobgoblin barely misses you.
You hit the hobgoblin.
You kill the hobgoblin!
Trog accepts your kill.
No target in view!
No target in view!
Found a stone staircase leading down.
There is a stone staircase leading down here.
A sourceless malevolence fills the Dungeon...
You fall into a shaft and drop 2 floors!
The shaft crumbles and collapses.
Found a small jade ring.
An ogre comes into view. It is wielding a +0 giant spiked club.
Found a scroll labelled DIMINE GOCS.
The ogre shouts!
A red film seems to cover your vision as you go berserk!
You feel yourself moving faster!
You feel mighty!
You hit the ogre.
The ogre is moderately wounded.
You sock the ogre!
The ogre is almost dead.
The ogre hits you with a +0 giant spiked club!!
Ouch! That really hurt!
You barely miss the ogre.
The ogre is almost dead.
The ogre hits you with a +0 giant spiked club!!
Ouch! That really hurt!
You die...

# #. #.
####..
..?..=###
#.....#
#.# #O#
#@#
#.....#
###.###
#. #


You could see an ogre.

Vanquished Creatures
  An adder (D:2)
  2 worms (D:2)
  2 bats (D:1)
  5 endoplasms
  A giant cockroach (D:2)
  5 goblins
  3 hobgoblins
  3 kobolds
  2 quokkas (D:2)
  5 ball pythons
  4 frilled lizards
33 creatures vanquished.

Notes
Turn   | Place    | Note
-------+----------+-------------------------------------------
     0 | D:1      | Muataran the Ogre Berserker began the quest for the Orb.
     0 | D:1      | Reached XP level 1. HP: 24/24 MP: 1/1
   233 | D:1      | Reached XP level 2. HP: 24/32 MP: 2/2
   333 | D:1      | Found a faded altar of an unknown god.
   785 | D:2      | Found Ilaklan's Jewellery Emporium.
   810 | D:2      | Reached XP level 3. HP: 40/40 MP: 3/3
   903 | D:2      | Reached ** piety under Trog
  1278 | D:2      | You fall into a shaft and drop 2 floors!
  1280 | D:4      | Noticed an ogre
  1286 | D:4      | Slain by an ogre

Illustrated notes

Levels and vault maps discovered:
D:1:      dpeg_arrival_shrine, layout_loops_ring,
          shapermc_ecumenical_altar_starsandcircs, palyth_stone_intersect
D:2:      layout_basic, serial_shops, nicolae_shop_statue_plus,
          grunt_decor_arrowhead
D:4:      cheibrodos_quashed, layout_loops_ring, uniq_menkaure

Skill      XL: |  1 |
---------------+----+-----
Maces & Flails | 3 |  3.7
Fighting       | |  4.8
Dodging        | |  2.6

Action                   || total
-------------------------++-------
Melee: Mace              ||   109
Invok: Berserk           ||     2
 Stab: Sleeping          ||     1
Armor: Animal skin       ||    25
Dodge: Dodged            ||    55

Table legend: (Time is in decaauts)
 A = Elapsed time spent in this place.
 B = Non-inter-level travel time spent in this place.
 C = Inter-level travel time spent in this place.
 D = Time resting spent in this place.
 E = Time spent auto-exploring this place.
 F = Levels seen in this place.
 G = Mean time per level.
                   A        B        C        D        E       F      G
               +--------+--------+--------+--------+--------+-----+--------+
         Total |   1320 |   1281 |     39 |     50 |    995 |   3 |  440.0 |
       Dungeon |   1320 |   1281 |     39 |     50 |    995 |   3 |  440.0 |
               +--------+--------+--------+--------+--------+-----+--------+

Top non-repeatable levels by time:
     D:1: 741 daAuts
     D:2: 571 daAuts
     D:4: 7 daAuts
